 Dungeon Crawl Stone Soup version 0.31-a0-986-g5e6e4ef867 (webtiles) character file.

Game seed: 1009805465375587069

134 Xavori the Trooper (level 5, -3/40 HPs)
             Began as a Djinni Chaos Knight on Nov 3, 2023.
             Was a Plaything of Xom.
             Slain by a gnoll
             ... wielding a +0 club
              (4 damage)
             ... on level 2 of the Dungeon.
             The game lasted 00:01:19 (3411 turns).

Xavori the Trooper (Djinni Chaos Knight)            Turns: 3411, Time: 00:01:19

Health: -3/40      AC:  5    Str: 11    XL:     5   Next: 40%
Gold:   104        EV: 12    Int: 14    God:    Xom [.*....] SH:  0 Dex: 14

rFire   + + .        a - +0 falchion (chaos)
rCold   x . .        (no shield)
rNeg    . . .        b - +2 leather armour
rPois   ∞            (helmet restricted)
rElec   .            (no cloak)
rCorr   .            (no gloves)
SInv    .            (boots unavailable)
Will    .....        (no amulet)
Stlth   +            (no ring)
HPRegen 0.26/turn    (no ring)
MPRegen 0.00/turn

%: infuse magic (-4 HP)
@: flying
A: sickness immunity, fire resistance 2, cold vulnerability 1, float, innate
caster, HP casting, extra vitality 1, antennae 1, fangs 1, sense surroundings 1,
evolution 1
a: Renounce Religion


You were on level 2 of the Dungeon.
You worshipped Xom.
You were a plaything of Xom.
You visited 1 branch of the dungeon, and saw 2 of its levels.

You collected 104 gold pieces.

Inventory:

Hand Weapons
 a - a +0 falchion of chaos (weapon)
Armour
 b - a +2 leather armour (worn)
Scrolls
 c - a scroll of butterflies
 d - a scroll of teleportation {unknown}
 e - a scroll of vulnerability {unknown}
 i - a scroll of amnesia {unknown}
 j - 2 scrolls of enchant armour {unknown}
 k - a scroll of identify {unknown}
Potions
 f - a potion of heal wounds {unknown}
 g - a potion of mutation {unknown}
Miscellaneous
 h - a phantom mirror


   Skills:
 + Level 3.6 Fighting
 + Level 3.2 Long Blades
 + Level 2.1 Armour
 + Level 3.1 Dodging
 * Level 1.5 Spellcasting
 * Level 1.5 Conjurations
 * Level 1.5 Hexes
   Level 0.0 Charms
 * Level 1.5 Summonings
 * Level 1.5 Necromancy
 * Level 1.5 Translocations
 * Level 1.5 Transmutations
 * Level 1.5 Fire Magic
 * Level 1.5 Ice Magic
 * Level 1.5 Air Magic
 * Level 1.5 Earth Magic
 * Level 1.5 Poison Magic


You knew the following spells:

 Your Spells              Type           Power      Damage    Failure   Level
a - Magic Dart            Conj           20%        1d4       19%         1
b - Lesser Beckoning      Tloc           10%        N/A       26%         2
Your spell library was empty.

Dungeon Overview and Level Annotations

Branches:
Dungeon (2/15)

Altars:
Xom


Innate Abilities, Weirdness & Mutations

You are immune to sickness and miasma.
You are immune to poison.
Your flesh is very heat resistant. (rF++)
You are vulnerable to cold. (rC-)
You float through the air rather than walking.
You learn spells naturally, not from books.
Your magical power is your life essence.
You have superior vitality. (+4 MHP)
You have a pair of small antennae on your head.
You have very sharp teeth.
You passively map a small area around you.
You have hidden genetic potential.


Message History

A dart slug is nearby!
You slash the dart slug!
The dart slug is poisoned.
The dart slug is almost dead.
You kill the dart slug!
No target in view!
You see here a dart slug corpse.
You reach down and open the door.
There is an open door here.
You reach down and open the door.
There is an open door here. 2 gnolls come into view.
Found 7 gold pieces.
The gnoll shouts! x2; You hear a shout! x2 2 gnolls come into view.
The gnoll shouts! x2
The gnoll hits you with a +0 flail.
There are monsters nearby!
You completely miss the gnoll. The gnoll hits you with a +0 club.
The gnoll hits you with a +0 flail.
There are monsters nearby!
You hit the gnoll.
The gnoll seems to grow stronger.
Xom thinks this is hilarious!
The gnoll is lightly wounded.
The gnoll hits you with a +0 club! The gnoll hits you with a +0 flail.
There are monsters nearby!
You are too injured to fight recklessly!
The gnoll attacks as it pursues you! The gnoll hits you with a +0 club!
* * * LOW HITPOINT WARNING * * *
Aiming: Phantom Mirror
Press: ? - help, Dir - move target You can't see anything there to clone.
Unknown command.
The gnoll attacks as it pursues you! The gnoll barely misses you.
The gnoll attacks as it pursues you! The gnoll hits you with a +0 club!
* * * LOW HITPOINT WARNING * * *
Xom thinks this is hilarious!
The gnoll attacks as it pursues you! The gnoll barely misses you.
The gnoll attacks as it pursues you! The gnoll hits you with a +0 club.
You die...
Xom chuckles heartily!

#.#############.....##.###
#....#..............+.....
#.##.##.####........##....
#.#.............##########
###.....###.....# *
###...#####...### ####### *
............#.# #.....##
*##...........# #.......
#.....#@....# #.....## *
###.....#.g...# #.....#
........#.....# #.....# ###
#####+#[#...g.# #####.#
#.####...........g##### #.#
#....'...<........g...#* #.##
#.####...........##....####...
#.# #...........# .$..##...##
#.# #.....#####'# ....##.#.#


You could see 4 gnolls.

Vanquished Creatures
  Jessica (D:2)
  An adder (D:2)
  4 gnolls (D:2)
  4 dart slugs
  3 ball pythons (D:1)
  4 bats
  2 endoplasms
  2 giant cockroaches
  5 goblins
  7 hobgoblins
  A jackal (D:2)
  6 kobolds
  A quokka (D:1)
  3 frilled lizards (D:1)
  8 rats
52 creatures vanquished.

Notes
Turn   | Place    | Note
-------+----------+-------------------------------------------
     0 | D:1      | Xavori the Djinni Chaos Knight began the quest for the Orb.
     0 | D:1      | Reached XP level 1. HP: 20/20 MP: 0/0
    78 | D:1      | Reached XP level 2. HP: 25/25 MP: 0/0
   173 | D:1      | XOM: potion effect (might)
   257 | D:1      | Reached XP level 3. HP: 30/30 MP: 0/0
   257 | D:1      | Learned a level 1 spell: Magic Dart
   595 | D:2      | Noticed Jessica
   913 | D:1      | XOM: god gift: phantom mirror
  1031 | D:1      | XOM is BORED!
  1031 | D:1      | XOM: summons 1 hostile shadow creature
  1036 | D:2      | Killed Jessica
  1037 | D:2      | Reached skill level 1 in Spellcasting
  1037 | D:2      | Reached skill level 1 in Conjurations
  1037 | D:2      | Reached skill level 1 in Hexes
  1037 | D:2      | Reached skill level 1 in Summonings
  1037 | D:2      | Reached skill level 1 in Necromancy
  1037 | D:2      | Reached skill level 1 in Translocations
  1037 | D:2      | Reached skill level 1 in Transmutations
  1037 | D:2      | Reached skill level 1 in Fire Magic
  1037 | D:2      | Reached skill level 1 in Ice Magic
  1037 | D:2      | Reached skill level 1 in Air Magic
  1037 | D:2      | Reached skill level 1 in Earth Magic
  1037 | D:2      | Reached skill level 1 in Poison Magic
  1037 | D:2      | Reached XP level 4. HP: 21/35 MP: 0/0
  1342 | D:1      | XOM: give mutations
  1342 | D:1      | Gained mutation: You have hidden genetic potential. [Xom's
                  | grace]
  1342 | D:1      | Gained mutation: You have very sharp teeth. [Xom's grace]
  1342 | D:1      | Gained mutation: Your spells are a little harder to cast,
                  | but a little more powerful. [Xom's grace]
  1982 | D:1      | XOM: scenery: create altars
  2613 | D:1      | XOM: give mutations
  2613 | D:1      | Lost mutation: Your spells are a little harder to cast, but
                  | a little more powerful. [Xom's mischief]
  2613 | D:1      | Gained mutation: You passively map a small area around you.
                  | [Xom's mischief]
  2922 | D:2      | XOM: confusion (+ monsters)
  2935 | D:2      | Reached XP level 5. HP: 24/40 MP: 0/0
  2935 | D:2      | Learned a level 2 spell: Lesser Beckoning
  3010 | D:2      | Gained mutation: You have a pair of small antennae on your
                  | head. [hidden potential]
  3366 | D:2      | Found a faded altar of an unknown god.
  3409 | D:2      | HP: 1/40 [gnoll/+0 club (11)]
  3411 | D:2      | Slain by a gnoll

Illustrated notes

Levels and vault maps discovered:
D:1:      nicolae_arrival_memento_mori, layout_basic, minivault_24
D:2:      layout_basic, shapermc_ecumenical_altar_ellora,
          dreamdust_wishing_well, minmay_surrounded, uniq_jessica

Skill      XL: |  1  2  3  4 |
---------------+-------------+-----
Long Blades    | 3 |  3.2
Spellcasting   | 1 |  1.5
Conjurations   | 1 |  1.5
Hexes          | 1 |  1.5
Summonings     | 1 |  1.5
Necromancy     | 1 |  1.5
Translocations | 1 |  1.5
Transmutations | 1 |  1.5
Fire Magic     | 1 |  1.5
Ice Magic      | 1 |  1.5
Air Magic      | 1 |  1.5
Earth Magic    | 1 |  1.5
Poison Magic   | 1 |  1.5
Armour         | 2 |  2.1
Dodging        | 3 |  3.1
Fighting       | |  3.6

Action                     |  1- 3 |  4- 6 || total
---------------------------+-------+-------++-------
  Melee: Falchion          |    62 |    59 ||   121
         Punch             |     1 |       ||     1
         Bite              |       |     7 ||     7
   Stab: Sleeping          |     1 |       ||     1
         Confused          |       |     1 ||     1
 Armour: Leather armour    |    50 |    39 ||    89
  Dodge: Dodged            |    50 |    39 ||    89

Table legend: (Time is in decaauts)
 A = Elapsed time spent in this place.
 B = Non-inter-level travel time spent in this place.
 C = Inter-level travel time spent in this place.
 D = Time resting spent in this place.
 E = Time spent auto-exploring this place.
 F = Levels seen in this place.
 G = Mean time per level.
                   A        B        C        D        E       F      G
               +--------+--------+--------+--------+--------+-----+--------+
         Total |   3430 |   3412 |     18 |   2192 |    885 |   2 | 1715.0 |
       Dungeon |   3430 |   3412 |     18 |   2192 |    885 |   2 | 1715.0 |
               +--------+--------+--------+--------+--------+-----+--------+

Top non-repeatable levels by time:
     D:1: 2607 daAuts
     D:2: 822 daAuts
